 Dungeon Crawl Stone Soup version 0.29-a0-620-g13ace881f2 (webtiles) character file.

Game seed: 14476502112275604821

2135 thehairyJon the Cutter (level 9, -1/105 (108) HPs)
             Began as a Palentonga Berserker on June 16, 2022.
             Was a Priest of Trog.
             Slain by an orc
             ... wielding a +0 hand axe
              (2 damage)
             ... on level 8 of the Dungeon on June 18, 2022.
             The game lasted 00:54:14 (7457 turns).

thehairyJon the Cutter (Palentonga Berserker)       Turns: 7457, Time: 00:54:15

HP:   -1/105 (108)  AC: 15    Str: 28    XL:     9   Next: 9%
MP:   10/10         EV: 11    Int: 14    God:    Trog [***...]
Gold: 428           SH:  0    Dex:  6    Spells: 10/10 levels left

rFire   . . .      SeeInvis +   q - +2 short sword (flame) {Jon}
rCold   . . .      Faith    +   (no shield)
rNeg    . . .      Spirit   .   B - +0 chain mail
rPois   .          Reflect  .   (no helmet)
rElec   +          Harm     .   (no cloak)
rCorr   .          Rampage  .   (no gloves)
Will    .....                   (no barding)
Stlth   ..........              p - amulet of Ownof {Faith rElec Int+5 Dex-5 Slay+3}
HPRegen 0.27/turn               o - +6 ring of strength
MPRegen 0.12/turn               G - +4 ring of evasion

@: berserking, lightly drained, curled up, very quick
A: large, rugged brown scales 3, see invisible, deformed body, roll 1, armoured
tail, reflexive curl
a: Rolling Charge, Renounce Religion, Berserk, Trog's Hand


You were on level 8 of the Dungeon.
You worshipped Trog.
Trog was most pleased with you.
You visited 2 branches of the dungeon, and saw 9 of its levels.

You collected 428 gold pieces.

Inventory:

Hand Weapons
 a - a +0 hand axe
 j - a +1 dagger of speed
 q - a +2 short sword of flaming (weapon) {Jon}
 w - a +1 dire flail of protection
 y - a +1 whip of flaming
 D - a +0 giant spiked club
 H - a +0 trident of flaming
 J - a +0 dagger
 L - a +0 shortbow
Missiles
 s - 3 boomerangs
Armour
 b - a +0 animal skin
 c - a +0 leather armour
 d - a +0 scale mail
 B - a +0 chain mail (worn)
Magical Staves
 k - a staff of death
 v - a staff of cold
Jewellery
 o - a +6 ring of strength (left hand)
 p - the amulet of Ownof (around neck) {Faith rElec Int+5 Dex-5 Slay+3}
   (You found it on level 2 of the Dungeon)

   [amulet of faith]

   It allows you to gain divine favour quickly.
   Int:       It affects your intelligence (+5).
   Dex:       It affects your dexterity (-5).
   Slay:      It affects your accuracy & damage with ranged weapons and melee
   (+3).
   rElec:     It insulates you from electricity.
 E - a ring of resist corrosion
 G - a +4 ring of evasion (right hand)
 M - a +4 ring of evasion
 P - a ring of willpower
Wands
 z - a wand of flame (3)
Scrolls
 e - 6 scrolls of identify {unknown}
 i - 4 scrolls of teleportation {unknown}
 n - a scroll of amnesia {unknown}
 t - 2 scrolls of blinking {unknown}
 u - a scroll of immolation {unknown}
 A - 3 scrolls of enchant weapon {unknown}
 I - 2 scrolls of magic mapping {unknown}
 N - a scroll of noise {unknown}
Potions
 f - 2 potions of mutation {unknown}
 g - a potion of berserk rage {unknown}
 h - 2 potions of resistance
 l - 2 potions of ambrosia {unknown}
 m - 2 potions of brilliance {unknown}
 r - 2 potions of haste {unknown}
 x - 2 potions of cancellation {unknown}
 C - 2 potions of curing {unknown}
 F - a potion of lignification {unknown}
 K - a potion of degeneration {unknown}
 O - a potion of heal wounds {unknown}


   Skills:
 * Level 5.3 Fighting
 * Level 5.5 Short Blades
 + Level 4.4(4.5) Axes
 + Level 1.0(2.9) Maces & Flails
 + Level 5.3 Armour
 + Level 2.5 Dodging
 * Level 2.7 Stealth
 - Level 1.1 Spellcasting
 * Level 3.3 Evocations


You had 10 spell levels left.
You didn't know any spells.
Your spell library contained the following spells:

 Spells                   Type           Power      Damage    Failure   Level
 Beastly Appendage        Tmut           0%         N/A       80%         1
 Foxfire                  Conj/Fire      0%         2x1d4     80%         1
 Blink                    Tloc           0%         N/A       90%         2
 Sublimation of Blood     Necr           0%         N/A       90%         2
 Wereblood                Tmut           0%         N/A       90%         2
 Conjure Flame            Conj/Fire      0%         6-21      99%         3
 Frozen Ramparts          Ice            0%         1d2       99%         3
 Inner Flame              Hex/Fire       0%         N/A       99%         3
 Lesser Beckoning         Tloc           0%         N/A       99%         3
 Spider Form              Tmut/Pois      0%         N/A       99%         3
 Flame Wave               Conj/Fire      0%         2d4       100%        4
 Ice Form                 Ice/Tmut       0%         N/A       100%        4
 Summon Ice Beast         Ice/Summ       0%         N/A       100%        4
 Manifold Assault         Tloc           0%         N/A       100%        5
 Summon Forest            Summ/Tloc      0%         N/A       100%        5
 Eringya's Noxious Bog    Tmut/Pois      0%         N/A       100%        6
 Summon Hydra             Summ           0%         N/A       100%        7


Dungeon Overview and Level Annotations

Branches:
Dungeon (8/15)             Temple (1/1) D:4
   Lair: D:8-11

Altars:
Ashenzari
Cheibriados
Dithmenos
Elyvilon
Fedhas
Gozag
Hepliaklqana
Kikubaaqudgha
Makhleb
Nemelex Xobeh
Okawaru
Qazlal
Ru
Sif Muna
Trog
Uskayaw
Vehumet
Wu Jian
Xom
Yredelemnul


Innate Abilities, Weirdness & Mutations

You are completely covered in rugged brown scales. (AC +3, +7% HP)
You have supernaturally acute eyesight. (SInv)
Armour fits poorly on your strangely shaped body.
You can roll at nearby foes to attack.
You have a long armoured tail.
You curl defensively after being hit. (AC +7*)


Message History

The orc warrior hits you with a +0 trident!
You closely miss the orc wizard.
The orc wizard is heavily wounded.
The wight hits you with a +4 halberd! The orc hits you but does no damage.
The orc wizard hits you with a +0 dagger.
The orc misses you.
The orc warrior hits you but does no damage.
The wight hits you but does no damage. x2
You puncture the wight! You burn the wight.
The wight is almost destroyed.
You closely miss the wight.
The wight is almost destroyed.
The wight barely misses you. The orc hits you with a +0 hand axe.
The orc wizard hits you but does no damage.
The orc hits you but does no damage. The orc warrior barely misses you.
The wight hits you from afar with a +0 halberd.
You feel drained. The wight completely misses you.
You barely miss the wight.
The wight is almost destroyed.
Okay, then.
You hit the wight. You burn the wight.
You feel the power of Trog in you as your rage grows.
You destroy the wight!
Trog accepts your kill. The orc hits you with a +0 hand axe.
* * * LOW HITPOINT WARNING * * *
The orc wizard closely misses you. The orc barely misses you.
The orc warrior hits you with a +0 trident!
* * * LOW HITPOINT WARNING * * *
The wight hits you but does no damage.
The wight hits you from afar with a +2 halberd!
* * * LOW HITPOINT WARNING * * *
You feel drained.
* * * LOW HITPOINT WARNING * * *
You puncture the orc wizard! You burn the orc wizard.
You kill the orc wizard!
Trog accepts your kill.
Trog appreciates your killing of a magic user.
The wight completely misses you. The orc hits you with a +0 hand axe.
You die...

## ........... #.
.........#########.
$........#.......#.
........#.#####)##
....... #.#####)##
##zz.. #.##....†.
#.)o# #.##.##.## #)@o#
##.......# #..o#
#.........
#####...#####.##..#.##
##...........#.##..#.#
..<...................
##...........#.##..#.#
#####...#####.# .#.#
#...# #.. ... #...#
#### .#


You could see an orc warrior, 2 wights and 2 orcs.

Vanquished Creatures
  A wyvern (D:8)
  A steam dragon (D:7)
  Edmund (D:4)
  An orc warrior (D:8)
  2 black bears (D:5)
  2 ogres (D:5)
  An ice beast (D:5)
  2 sky beasts
  2 centaurs (D:7)
  2 phantoms
  A kobold brigand (D:7)
  A wight (D:8)
  3 hounds
  5 orc priests
  Natasha (thrice) (D:4)
  2 orc wizards
  10 gnolls
  7 adders
  A white imp (D:6)
  An ufetubus (D:7)
  2 worms
  3 dart slugs (D:2)
  24 orcs
  5 ball pythons
  3 endoplasms
  7 hobgoblins
  3 jackals (D:1)
  3 quokkas
  6 bats
  A frilled lizard (D:3)
  9 goblins
  10 kobolds
  6 rats
131 creatures vanquished.

Notes
Turn   | Place    | Note
-------+----------+-------------------------------------------
     0 | D:1      | thehairyJon the Palentonga Berserker began the quest for
                  | the Orb.
     0 | D:1      | Reached XP level 1. HP: 19/19 MP: 1/1
   312 | D:1      | Reached XP level 2. HP: 25/25 MP: 2/2
   400 | D:1      | Upgraded the game from 0.29-a0-609-gb56f46d856 to
                  | 0.29-a0-620-g13ace881f2
   503 | D:1      | Found a faded altar of an unknown god.
   685 | D:2      | Reached ** piety under Trog
   686 | D:2      | Reached XP level 3. HP: 27/31 MP: 3/3
   857 | D:2      | Identified the amulet of Ownof {Faith rElec Int+5 Dex-5
                  | Slay+3}
  1719 | D:3      | Reached XP level 4. HP: 39/39 MP: 4/4
  2259 | D:3      | Found a snail-covered altar of Cheibriados.
  2507 | D:4      | Noticed Edmund
  2511 | D:4      | Noticed Natasha
  2519 | D:4      | Killed Edmund
  2520 | D:4      | Reached skill level 1 in Short Blades
  2520 | D:4      | Reached XP level 5. HP: 27/44 MP: 5/5
  2526 | D:4      | Killed Natasha
  2766 | D:4      | Reached XP level 6. HP: 51/51 MP: 6/6
  2781 | D:4      | Found a staircase to the Ecumenical Temple.
  2791 | D:4      | Noticed Natasha
  2797 | D:4      | Killed Natasha
  2873 | D:4      | Noticed Natasha
  2883 | D:4      | Killed Natasha
  3100 | Temple   | Entered the Ecumenical Temple
  3661 | D:4      | Reached *** piety under Trog
  4142 | D:5      | Entered Level 5 of the Dungeon
  4192 | D:5      | Gained mutation: You curl defensively after being hit. (AC
                  | +7*) [Palentonga growth]
  4192 | D:5      | Reached XP level 7. HP: 55/58 MP: 6/8
  4198 | D:5      | Reached skill level 1 in Stealth
  4198 | D:5      | Reached skill level 1 in Spellcasting
  4198 | D:5      | Reached skill level 1 in Evocations
  5098 | D:6      | Reached XP level 8. HP: 65/65 MP: 9/9
  6026 | D:6      | Found an opulent altar of Gozag.
  6026 | D:6      | Found a basalt altar of Yredelemnul.
  6026 | D:6      | Found a sacrificial altar of Ru.
  6509 | D:7      | Reached skill level 5 in Fighting
  6785 | D:7      | Reached skill level 5 in Armour
  7075 | D:7      | Reached skill level 5 in Short Blades
  7262 | D:8      | Reached skill level 1 in Maces & Flails
  7262 | D:8      | Reached XP level 9. HP: 42/72 MP: 10/10
  7456 | D:8      | HP: 1/102 [wight/+2 halberd (6)]
  7457 | D:8      | Slain by an orc

Illustrated notes

Levels and vault maps discovered:
D:1:      dpeg_arrival_central, layout_basic,
          hellmonk_ecumenical_altar_lost_god, minmay_pentomino_q2
D:2:      layout_basic
D:3:      layout_rooms, overflow_temple_1_default, palyth_stone_intersect
D:4:      layout_loops_ring, temple_pool_b, uniq_edmund, uniq_natasha
D:5:      layout_basic, minivault_14
D:6:      layout_loops_ring, gammafunk_temple_overflow_claw
D:7:      layout_basic, st_stairs_7
D:8:      layout_loops_cross, enter_bailey_6, ebering_dispersal_statue_hall
Temple:   nicolae_temple_elliptical

Skill      XL: |  1  2  3  4  5  6  7  8 |
---------------+-------------------------+-----
Armour         | 2 3 4 5 |  5.3
Axes           | 4 |  4.4
Fighting       | 4 5 |  5.3
Short Blades   | 1 2 3 5 |  5.5
Dodging        | 2 |  2.5
Stealth        | 1 2 |  2.7
Spellcasting   | 1 |  1.1
Evocations     | 1 3 |  3.3
Maces & Flails | 1 |  1.0

Action                   |  1- 3 |  4- 6 |  7- 9 || total
-------------------------+-------+-------+-------++-------
Melee: Hand axe          |    65 |       |       ||    65
       Tailslap          |     8 |     5 |    26 ||    39
       Short sword       |    13 |    82 |   178 ||   273
       Dire flail        |       |       |    13 ||    13
       Punch             |       |       |     1 ||     1
Invok: Berserk           |     3 |     2 |     6 ||    11
       Trog's Hand       |       |       |     3 ||     3
Armor: Scale mail        |    60 |    28 |       ||    88
       Animal skin       |     1 |       |       ||     1
       Chain mail        |       |     6 |   150 ||   156
Dodge: Dodged            |    40 |    41 |   148 ||   229

Table legend: (Time is in decaauts)
 A = Elapsed time spent in this place.
 B = Non-inter-level travel time spent in this place.
 C = Inter-level travel time spent in this place.
 D = Time resting spent in this place.
 E = Time spent auto-exploring this place.
 F = Levels seen in this place.
 G = Mean time per level.
                   A        B        C        D        E       F      G
               +--------+--------+--------+--------+--------+-----+--------+
         Total |   7541 |   7527 |     14 |   2014 |      7 |   9 |  837.9 |
       Dungeon |   7192 |   7178 |     14 |   2014 |      7 |   8 |  899.0 |
        Temple |    349 |    349 |      0 |      0 |      0 |   1 |  349.0 |
               +--------+--------+--------+--------+--------+-----+--------+

Top non-repeatable levels by time:
     D:6: 1361 daAuts
     D:4: 1310 daAuts
     D:2: 976 daAuts
     D:7: 933 daAuts
     D:3: 890 daAuts
     D:5: 832 daAuts
     D:1: 669 daAuts
  Temple: 349 daAuts
     D:8: 217 daAuts
